 Dungeon Crawl Stone Soup version 0.23.1 (webtiles) character file.

Game seed: 0

21 vladvlad the Caller (level 2, -3/20 HPs)
             Began as a Draconian Summoner on Feb 25, 2019.
             Slain by an orc priest
             ... wielding a +0 falchion
              (6 damage)
             ... on level 2 of the Dungeon on Mar 1, 2019.
             The game lasted 00:13:11 (1549 turns).

vladvlad the Caller (Draconian Summoner)            Turns: 1549, Time: 00:13:12

Health: -3/20      AC:  4    Str: 10    XL:     2   Next: 62%
Magic:  2/5        EV: 12    Int: 15    God:
Gold:   35         SH:  0    Dex: 11    Spells: 3/6 levels left

rFire    . . .     SeeInvis .   j - +0 short sword
rCold    . . .     Gourm    .   (no shield)
rNeg     . . .     Faith    .   (armour unavailable)
rPois    .         Spirit   .   (helmet restricted)
rElec    .         Reflect  .   (no cloak)
rCorr    .         Harm     .   (no gloves)
MR       .....                  (no boots)
Stlth    ++........             (no amulet)
HPRegen  0.06/turn              (no ring)
MPRegen  0.09/turn              (no ring)

@: no status effects
A: unfitting armour, cold-blooded, AC +4
a: no special abilities


You were on level 2 of the Dungeon.
You were hungry.

You visited 1 branch of the dungeon, and saw 2 of its levels.

You collected 35 gold pieces.

Inventory:

Hand Weapons
 j - a +0 short sword (weapon)
Wands
 g - a wand of iceblast (6)
Scrolls
 a - a scroll of identify {unknown}
 c - a scroll of random uselessness {unknown}
 f - a scroll of fog {unknown}
 i - a scroll of fear {unknown}
Potions
 d - a potion of agility {unknown}
 e - 3 potions of cancellation {unknown}
Comestibles
 b - 5 rations


   Skills:
 - Level 1.7 Dodging
 - Level 1.7 Stealth
 + Level 2.5 Spellcasting
 + Level 4.4 Summonings


You had 3 spell levels left.
You knew the following spells:

 Your Spells              Type           Power        Failure   Level  Hunger
a - Summon Small Mammal   Summ           ###.         3%          1    #......
b - Call Imp              Summ           ###.....     5%          2    ###....

Your spell library contained the following spells:

 Spells                   Type           Power        Failure   Level  Hunger
 Call Canine Familiar     Summ           ###.....     11%         3    ###....
 Summon Guardian Golem    Hex/Summ       #.......     26%         3    ###....
 Summon Ice Beast         Ice/Summ       #.......     63%         4    #####..
 Summon Lightning Spire   Summ/Air       #.......     63%         4    #####..


Dungeon Overview and Level Annotations

Branches:
Dungeon (2/15)

Altars:


Innate Abilities, Weirdness & Mutations

Your plain brown scales are hard. (AC +4)
You cannot fit into any form of body armour.
You are cold-blooded and may be slowed by cold attacks.


Message History

Beogh smites you!
Ouch! That really hurt!
* * * LOW HITPOINT WARNING * * *
Your iron imp hits the orc priest.
The orc priest hits your iron imp but does no damage.
Your iron imp disappears in a puff of smoke!
Casting: Call Imp (safe; 5% risk of failure)
Confirm with . or Enter, or press ? or * to list all spells.
A beastly little devil appears in a puff of flame.
The orc priest shouts!
You hit the orc priest but do no damage.
Your tail-slap misses the orc priest.
The orc priest is heavily wounded.
The orc priest calls down the wrath of Beogh upon you.
Pain shoots through your body!
* * * LOW HITPOINT WARNING * * *
You barely miss the orc priest.
The orc priest is heavily wounded.
The orc priest hits you with a +0 falchion.
You die...

#.# #.....#
#.######...##
#......##.###.###
######..........#
####.###.### #)#
#.# ##o#######
#5@......#
#####..#####.#
#.......####.#
#.###...#.....
##.#.......#
.....#...####.#
##.##.........#
#.###...######
#.####..#


You could see an orc priest and a friendly crimson imp.

Vanquished Creatures
  3 hobgoblins (D:1)
  3 bats (D:1)
  A frilled lizard (D:1)
  2 rats (D:1)
9 creatures vanquished.

Vanquished Creatures (collateral kills)
  A dart slug (D:2)
  An orc (D:2)
  3 giant cockroaches
  2 goblins (D:1)
  2 jackals (D:2)
  2 kobolds
  A bat (D:1)
  A frilled lizard (D:2)
  3 rats (D:1)
16 creatures vanquished.

Grand Total: 25 creatures vanquished

Notes
Turn   | Place    | Note
-------+----------+-------------------------------------------
     0 | D:1      | vladvlad the Draconian Summoner began the quest for the
                  | Orb.
     0 | D:1      | Reached XP level 1. HP: 14/14 MP: 3/3
   259 | D:1      | Reached XP level 2. HP: 16/20 MP: 0/5
   266 | D:1      | Learned a level 2 spell: Call Imp
  1098 | D:2      | Upgraded the game from 0.23.0-28-g6fe0f4d to 0.23.1
  1549 | D:2      | Slain by an orc priest

Action                   || total
-------------------------++-------
Melee: Unarmed           ||    35
       Tailslap          ||     6
       Short sword       ||     5
 Cast: Summon Small Mamm ||    18
       Call Imp          ||    12
 Stab: Sleeping          ||     1
  Eat: Chunk             ||     2
Armor: Skin              ||     5
Dodge: Dodged            ||    31
